TOP OF THE 1ST |
District 9 Prawns batting - Pitching for Las Vegas Stars : RHP Wayne Barksdale
|
Pitching: RHP Wayne Barksdale
|
|
Batting: LHB Enrique Nalasco
|
0-0: Called Strike 0-1: Ball 1-1: Ground out 6-3 (Groundball, 6M)
|
Batting: LHB José Contreras
|
0-0: Called Strike 0-1: Ball 1-1: Ball 2-1: Fly out, F8 (Flyball, 8RM)
|
Batting: LHB Leland Hardy
|
0-0: Ball 1-0: Called Strike 1-1: Ball 2-1: Ball 3-1: Foul Ball, location: 2F 3-2: DOUBLE (Line Drive, 78D)
|
Batting: SHB Erik Thomas
|
0-0: Called Strike 0-1: Ball 1-1: SINGLE (Flyball, 9LS) Leland Hardy to third Runner from 3rd tries for Home, SAFE, no throw or cutoff
|
Batting: LHB Brian Roy
|
0-0: Ball 1-0: Called Strike 1-1: Called Strike 1-2: Strikes out looking
|
Top of the 1st over - 1 run(s), 2 hit(s), 0 error(s), 1 left on base; District 9 1 - Las Vegas 0 |
BOTTOM OF THE 1ST |
Las Vegas Stars batting - Pitching for District 9 Prawns : RHP Juan Cervantes
|
Pitching: RHP Juan Cervantes
|
|
Batting: RHB Eric McDaniel
|
0-0: Swinging Strike 0-1: Ball 1-1: Foul Ball, location: 2F 1-2: Foul Ball, location: 2F 1-2: Fly out, F7 (Flyball, 7M)
|
Batting: SHB Santiago Farías
|
0-0: Called Strike 0-1: Ball 1-1: Foul Ball, location: 2F 1-2: Ground out 5-3 (Groundball, 5S)
|
Batting: RHB Xin Zhang
|
0-0: Called Strike 0-1: Ball 1-1: Foul Ball, location: 2F 1-2: SINGLE (Groundball, 56)
|
Batting: RHB Albert Rodríguez
|
0-0: Called Strike 0-1: Ball 1-1: Ball 2-1: Ball 3-1: Base on Balls Xin Zhang to second
|
Batting: RHB Ron Shelton
|
0-0: Ball 1-0: Called Strike 1-1: Fielders Choice at 2nd, U4 (Groundball, 4M)
|
Bottom of the 1st over - 0 run(s), 1 hit(s), 0 error(s), 2 left on base; District 9 1 - Las Vegas 0 |
TOP OF THE 2ND |
District 9 Prawns batting - Pitching for Las Vegas Stars : RHP Wayne Barksdale
|
Batting: RHB Lateef Makini
|
0-0: Ball 1-0: Ball 2-0: Ball 3-0: Called Strike 3-1: Foul Ball, location: 2F 3-2: Base on Balls
|
Batting: LHB Jerry Johnston
|
0-0: Ball 1-0: Foul Ball, location: 2F 1-1: Foul Ball, location: 2F 1-2: Foul Ball, location: 2F 1-2: Foul Ball, location: 2F 1-2: Foul Ball, location: 2F 1-2: Ball 2-2: Ground out U3 (Groundball, 3S) Lateef Makini to second
|
Batting: SHB Mark Pope
|
0-0: Ball 1-0: Fly out, F7 (Flyball, 7M)
|
Batting: RHB Phil Jacobs
|
0-0: Ball 1-0: Fly out, F9 (Flyball, 89D)
|
Top of the 2nd over - 0 run(s), 0 hit(s), 0 error(s), 1 left on base; District 9 1 - Las Vegas 0 |
BOTTOM OF THE 2ND |
Las Vegas Stars batting - Pitching for District 9 Prawns : RHP Juan Cervantes
|
Batting: LHB Evan Slootweg
|
0-0: Ball 1-0: Foul Ball, location: 2F 1-1: Fly out, F9 (Flyball, 9S)
|
Batting: LHB Ricardo Vargas
|
0-0: Called Strike 0-1: Fly out, F6 (Popup, 6MD)
|
Batting: LHB José Padilla
|
0-0: Fly out, F9 (Flyball, 9LD)
|
Bottom of the 2nd over - 0 run(s), 0 hit(s), 0 error(s), 0 left on base; District 9 1 - Las Vegas 0 |
TOP OF THE 3RD |
District 9 Prawns batting - Pitching for Las Vegas Stars : RHP Wayne Barksdale
|
Batting: LHB Enrique Nalasco
|
0-0: Called Strike 0-1: Ball 1-1: Fly out, F8 (Flyball, 8RD)
|
Batting: LHB José Contreras
|
0-0: Ball 1-0: Called Strike 1-1: Ball 2-1: Foul Ball, location: 2F 2-2: SINGLE (Groundball, 34D)
|
Batting: LHB Leland Hardy
|
0-0: Swinging Strike 0-1: Swinging Strike 0-2: Ball 1-2: Strikes out swinging
|
Batting: SHB Erik Thomas
|
0-0: SINGLE (Groundball, 34D) José Contreras to second Runner from 2nd tries for 3rd, SAFE, throw made to third
|
Batting: LHB Brian Roy
|
0-0: Called Strike 0-1: Ball 1-1: SINGLE (Line Drive, 9LS) José Contreras scores Erik Thomas to second
|
Batting: RHB Lateef Makini
|
0-0: Foul Ball, location: 2F 0-1: Fly out, F7 (Flyball, 7LM)
|
Top of the 3rd over - 1 run(s), 3 hit(s), 0 error(s), 2 left on base; District 9 2 - Las Vegas 0 |
BOTTOM OF THE 3RD |
Las Vegas Stars batting - Pitching for District 9 Prawns : RHP Juan Cervantes
|
Batting: RHB Cole Bradley
|
0-0: Ball 1-0: SINGLE (Groundball, 56D)
|
Batting: RHB Eric McDaniel
|
0-0: Foul Ball, location: 2F 0-1: SINGLE (Line Drive, 9LS) Cole Bradley to second
|
Batting: SHB Santiago Farías
|
0-0: Ball 1-0: Ball 2-0: Foul Ball, location: 2F 2-1: Foul Ball, location: 2F 2-2: Foul Ball, location: 2F 2-2: Ball 3-2: Foul Ball, location: 2F 3-2: Base on Balls Cole Bradley to third Eric McDaniel to second
|
Batting: RHB Xin Zhang
|
0-0: Ball Wild Pitch! Cole Bradley scores Eric McDaniel to third Santiago Farías to second 1-0: Swinging Strike 1-1: Swinging Strike 1-2: Ball 2-2: Ball 3-2: DOUBLE (Line Drive, 89M) Eric McDaniel scores Santiago Farías scores
|
Pitching: RHP Augusto Méndez
|
|
Batting: RHB Albert Rodríguez
|
0-0: Called Strike 0-1: Fly out, F7 (Flyball, 7M)
|
Batting: RHB Ron Shelton
|
0-0: Foul Ball, location: 2F 0-1: Fly out, F4 (Line Drive, 4) 0-1: Lined into DP, 4-6 (Line Drive, 4)
|
Bottom of the 3rd over - 3 run(s), 3 hit(s), 0 error(s), 0 left on base; District 9 2 - Las Vegas 3 |
TOP OF THE 4TH |
District 9 Prawns batting - Pitching for Las Vegas Stars : RHP Wayne Barksdale
|
Batting: LHB Jerry Johnston
|
0-0: Ball 1-0: Foul Ball, location: 2F 1-1: Foul Ball, location: 2F 1-2: Ball 2-2: DOUBLE (Groundball, 3D)
|
Batting: SHB Mark Pope
|
0-0: Ball 1-0: Ball 2-0: Ball 3-0: Base on Balls
|
Batting: RHB Phil Jacobs
|
0-0: Called Strike 0-1: Foul Ball, location: 2F 0-2: Foul Ball, location: 2F 0-2: Ball 1-2: Ball 2-2: Grounds into double play, 6-4-3 (Groundball, 6) Jerry Johnston to third
|
Batting: LHB Enrique Nalasco
|
0-0: Ground out 4-3 (Groundball, 34)
|
Top of the 4th over - 0 run(s), 1 hit(s), 0 error(s), 1 left on base; District 9 2 - Las Vegas 3 |
BOTTOM OF THE 4TH |
Las Vegas Stars batting - Pitching for District 9 Prawns : RHP Augusto Méndez
|
Batting: LHB Evan Slootweg
|
0-0: Called Strike 0-1: Ball 1-1: Ground out 6-3 (Groundball, 6)
|
Batting: LHB Ricardo Vargas
|
0-0: Called Strike 0-1: Called Strike 0-2: Ball 1-2: Ball 2-2: Foul Ball, location: 2F 2-2: SOLO HOME RUN (Flyball, 89XD), Distance : 402 ft
|
Batting: LHB José Padilla
|
0-0: Ball 1-0: Called Strike 1-1: Ball 2-1: Ball 3-1: Base on Balls
|
Batting: RHB Cole Bradley
|
0-0: Called Strike 0-1: SINGLE (Line Drive, 9LM) José Padilla to second
|
Batting: RHB Eric McDaniel
|
0-0: Called Strike 0-1: Called Strike 0-2: Ball 1-2: Ball 2-2: Hit by Pitch José Padilla to third Cole Bradley to second
|
Batting: SHB Santiago Farías
|
0-0: Called Strike 0-1: Ball 1-1: Ball 2-1: Ball 3-1: Fly out, F6 (Popup, 6D)
|
Batting: RHB Xin Zhang
|
0-0: Ball 1-0: Called Strike 1-1: Ball 2-1: SINGLE (Groundball, 56D) José Padilla scores Cole Bradley to third Eric McDaniel to second Runner from 3rd tries for Home, SAFE, no throw or cutoff
|
Batting: RHB Albert Rodríguez
|
0-0: Ball 1-0: Ball 2-0: Ball 3-0: Base on Balls Eric McDaniel to third Xin Zhang to second
|
Pitching: RHP Alberto Vega
|
|
Batting: RHB Ron Shelton
|
0-0: Ball 1-0: Foul Ball, location: 2F 1-1: Ball 2-1: Foul Ball, location: 2F 2-2: Ball 3-2: Strikes out looking
|
Bottom of the 4th over - 3 run(s), 3 hit(s), 0 error(s), 3 left on base; District 9 2 - Las Vegas 6 |
TOP OF THE 5TH |
District 9 Prawns batting - Pitching for Las Vegas Stars : RHP Wayne Barksdale
|
Batting: LHB José Contreras
|
0-0: Ball 1-0: Called Strike 1-1: Called Strike 1-2: Foul Ball, location: 2F 1-2: Fly out, F6 (Popup, 6MD)
|
Batting: LHB Leland Hardy
|
0-0: Called Strike 0-1: Ball 1-1: Ball 2-1: SINGLE (Groundball, 34D)
|
Batting: SHB Erik Thomas
|
0-0: Foul Ball, location: 2F 0-1: DOUBLE (Line Drive, 78S) Leland Hardy to third
|
Batting: LHB Brian Roy
|
0-0: Called Strike 0-1: Ground out 4-3 (Groundball, 34) Leland Hardy scores Erik Thomas to third
|
Batting: RHB Lateef Makini
|
0-0: Ball 1-0: Fly out, F2 (Popup, 2LF)
|
Top of the 5th over - 1 run(s), 2 hit(s), 0 error(s), 1 left on base; District 9 3 - Las Vegas 6 |
BOTTOM OF THE 5TH |
Las Vegas Stars batting - Pitching for District 9 Prawns : RHP Alberto Vega
|
Batting: LHB Evan Slootweg
|
0-0: Called Strike 0-1: Foul Ball, location: 2F 0-2: Fly out, F5 (Popup, 5F)
|
Batting: LHB Ricardo Vargas
|
0-0: Foul Ball, location: 2F 0-1: Ball 1-1: Ball 2-1: Foul Ball, location: 2F 2-2: Foul Ball, location: 2F 2-2: Ball 3-2: Base on Balls
|
Batting: LHB José Padilla
|
0-0: SINGLE (Line Drive, 4MD) Ricardo Vargas to second
|
Batting: RHB Cole Bradley
|
0-0: Grounds into double play, 6-4-3 (Groundball, 6)
|
Bottom of the 5th over - 0 run(s), 1 hit(s), 0 error(s), 1 left on base; District 9 3 - Las Vegas 6 |
TOP OF THE 6TH |
District 9 Prawns batting - Pitching for Las Vegas Stars : RHP Wayne Barksdale
|
Batting: LHB Jerry Johnston
|
0-0: Called Strike 0-1: Ball 1-1: Fly out, F9 (Flyball, 9LD)
|
Batting: SHB Mark Pope
|
0-0: Called Strike 0-1: Ball 1-1: Ball 2-1: DOUBLE (Line Drive, 7LS)
|
Batting: RHB Phil Jacobs
|
0-0: Ball 1-0: Ground out 6-3 (Groundball, 6)
|
Batting: LHB Enrique Nalasco
|
0-0: Ball 1-0: Foul Ball, location: 2F 1-1: Ball 2-1: Foul Ball, location: 2F 2-2: Ball 3-2: Foul Ball, location: 2F 3-2: Base on Balls
|
Pitching: RHP Paco Ríos
|
|
Batting: LHB José Contreras
|
0-0: Called Strike 0-1: Foul Ball, location: 2F 0-2: Ball 1-2: Ball 2-2: Ground out U3 (Groundball, 3S)
|
Top of the 6th over - 0 run(s), 1 hit(s), 0 error(s), 2 left on base; District 9 3 - Las Vegas 6 |
BOTTOM OF THE 6TH |
Las Vegas Stars batting - Pitching for District 9 Prawns : RHP Alberto Vega
|
Batting: RHB Eric McDaniel
|
0-0: Ball 1-0: Foul Ball, location: 2F 1-1: Called Strike 1-2: Strikes out swinging
|
Batting: SHB Santiago Farías
|
0-0: Ball 1-0: Called Strike 1-1: Fly out, F6 (Popup, 6D)
|
Batting: RHB Xin Zhang
|
0-0: Ground out 4-3 (Groundball, 4M)
|
Bottom of the 6th over - 0 run(s), 0 hit(s), 0 error(s), 0 left on base; District 9 3 - Las Vegas 6 |
TOP OF THE 7TH |
District 9 Prawns batting - Pitching for Las Vegas Stars : RHP Paco Ríos
|
Batting: LHB Leland Hardy
|
0-0: Ball 1-0: SINGLE (Line Drive, 6D)
|
Batting: SHB Erik Thomas
|
0-0: Ball 1-0: Swinging Strike 1-1: Ball 2-1: Swinging Strike 2-2: Fielders Choice at 2nd, 4-6 (Groundball, 4)
|
Batting: LHB Brian Roy
|
0-0: Called Strike 0-1: Called Strike 0-2: Fly out, F7 (Flyball, 7D)
|
Batting: RHB Lateef Makini
|
0-0: Called Strike Erik Thomas steals 2nd base 0-1: Swinging Strike 0-2: Ball 1-2: Strikes out swinging
|
Top of the 7th over - 0 run(s), 1 hit(s), 0 error(s), 1 left on base; District 9 3 - Las Vegas 6 |
BOTTOM OF THE 7TH |
Las Vegas Stars batting - Pitching for District 9 Prawns : RHP Alberto Vega
|
Pitching: RHP Bill McKinney
|
|
Batting: RHB Albert Rodríguez
|
0-0: Ball 1-0: Called Strike 1-1: Ground out 5-3 (Groundball, 56)
|
Batting: RHB Ron Shelton
|
0-0: Called Strike 0-1: Foul Ball, location: 2F 0-2: Ball 1-2: Ball 2-2: Foul Ball, location: 2F 2-2: Foul Ball, location: 2F 2-2: Ball 3-2: Base on Balls
|
Batting: LHB Evan Slootweg
|
0-0: Ball 1-0: Ball 2-0: Called Strike 2-1: Called Strike 2-2: Strikes out looking
|
Batting: LHB Ricardo Vargas
|
0-0: Ball 1-0: Ball 2-0: Ball 3-0: Called Strike 3-1: Foul Ball, location: 2F 3-2: Base on Balls Ron Shelton to second
|
Batting: LHB José Padilla
|
0-0: Ball 1-0: Called Strike 1-1: Ball 2-1: Ball 3-1: Called Strike 3-2: Strikes out swinging
|
Bottom of the 7th over - 0 run(s), 0 hit(s), 0 error(s), 2 left on base; District 9 3 - Las Vegas 6 |
TOP OF THE 8TH |
District 9 Prawns batting - Pitching for Las Vegas Stars : RHP Paco Ríos
|
Batting: LHB Jerry Johnston
|
0-0: Swinging Strike 0-1: Ball 1-1: SINGLE (Line Drive, 34)
|
Pitching: LHP Stanley Inman
|
|
Batting: SHB Mark Pope
|
0-0: Foul Ball, location: 2F 0-1: Called Strike 0-2: Strikes out swinging
|
Pitching: RHP Jim Hendon
|
|
Batting: RHB Phil Jacobs
|
0-0: Called Strike 0-1: Fielders Choice at 2nd, 6-4 (Groundball, 6M)
|
Batting: LHB Enrique Nalasco
|
0-0: Ball 1-0: Foul Ball, location: 2F 1-1: Called Strike 1-2: SINGLE (Groundball, 34) Phil Jacobs to second Runner from 2nd tries for 3rd, SAFE, throw made to third
|
Batting: LHB José Contreras
|
0-0: Ball 1-0: DOUBLE (Line Drive, 78S) Phil Jacobs scores Enrique Nalasco to third Runner from 3rd tries for Home, SAFE, no throw or cutoff
|
Batting: LHB Leland Hardy
|
0-0: Ball 1-0: Swinging Strike 1-1: Foul Ball, location: 2F 1-2: Fly out, F7 (Flyball, 7M)
|
Top of the 8th over - 2 run(s), 3 hit(s), 0 error(s), 1 left on base; District 9 5 - Las Vegas 6 |
BOTTOM OF THE 8TH |
Las Vegas Stars batting - Pitching for District 9 Prawns : RHP Bill McKinney
|
Batting: RHB Cole Bradley
|
0-0: Called Strike 0-1: Swinging Strike 0-2: Foul Ball, location: 2F 0-2: Ball 1-2: Foul Ball, location: 2F 1-2: Strikes out swinging
|
Batting: RHB Eric McDaniel
|
0-0: Ball 1-0: Ball 2-0: Ball 3-0: Base on Balls
|
Pitching: RHP Carlos Hernández
|
|
Batting: SHB Santiago Farías
|
0-0: Called Strike 0-1: Swinging Strike 0-2: Ball 1-2: Strikes out swinging
|
Pinch Hitting: LHB Paco Rivera
|
Pickoff Throw to First - Out!
|
Bottom of the 8th over - 0 run(s), 0 hit(s), 0 error(s), 0 left on base; District 9 5 - Las Vegas 6 |
TOP OF THE 9TH |
District 9 Prawns batting - Pitching for Las Vegas Stars : RHP Jim Hendon
|
Pitching: RHP Mike Drader
|
|
Now at 2B: Tom Jacobson
|
|
Pinch Hitting: RHB Alfredo Cortéz
|
0-0: Called Strike 0-1: TRIPLE (Line Drive, 3L)
|
Batting: LHB Brian Roy
|
0-0: Ball 1-0: Swinging Strike 1-1: Called Strike 1-2: Ground out 6-3 (Groundball, 6M)
|
Pinch Hitting: LHB Scott MacDonald
|
0-0: Ball 1-0: 2-RUN HOME RUN (Flyball, 9D), Distance : 398 ft
|
Batting: LHB Jerry Johnston
|
0-0: Called Strike 0-1: Swinging Strike 0-2: Ball 1-2: Ball 2-2: Fly out, F9 (Flyball, 9D)
|
Batting: SHB Mark Pope
|
0-0: Foul Ball, location: 2F 0-1: Ball 1-1: SINGLE (Groundball, 25) (infield hit)
|
Pinch Hitting: RHB Cole Ball
|
0-0: SINGLE (Groundball, 56) Mark Pope to second
|
Batting: LHB Enrique Nalasco
|
0-0: Foul Ball, location: 2F 0-1: Swinging Strike 0-2: Ball 1-2: Strikes out swinging
|
Top of the 9th over - 2 run(s), 4 hit(s), 0 error(s), 2 left on base; District 9 7 - Las Vegas 6 |
BOTTOM OF THE 9TH |
Las Vegas Stars batting - Pitching for District 9 Prawns : RHP Carlos Hernández
|
Pitching: LHP Pedro Valdés
|
|
Now at 2B: Finley Frogley
|
|
Now at SS: Taylor McFarland
|
|
Now in LF: Scott MacDonald
|
|
Pinch Hitting: RHB Brian George
|
0-0: Ball 1-0: Ball 2-0: Called Strike 2-1: Swinging Strike 2-2: Fly out, F8 (Flyball, 89M)
|
Pinch Hitting: RHB Bill McGrath
|
0-0: Ground out 4-3 (Groundball, 13)
|
Batting: RHB Ron Shelton
|
0-0: Ball 1-0: Ball 2-0: Called Strike 2-1: Ball 3-1: Foul Ball, location: 2F 3-2: Strikes out swinging
|
Bottom of the 9th over - 0 run(s), 0 hit(s), 0 error(s), 0 left on base; District 9 7 - Las Vegas 6 |
|